 Dungeon Crawl Stone Soup version 0.18.1-51-gd549091e01 (webtiles) character file.

222 magog001 the Covered (level 5, -2/47 HPs)
             Began as a Minotaur Fighter on May 10, 2021.
             Killed by nerve-wracking pain
             ... invoked by Grinder
              (14 damage)
             ... on level 3 of the Dungeon.
             The game lasted 00:10:09 (2306 turns).

magog001 the Covered (Minotaur Fighter)             Turns: 2306, Time: 00:10:09

Health: -2/47      AC:  7    Str: 27    XL:     5   Next: 66%
Magic:  4/4        EV:  8    Int:  5    God:
Gold:   155        SH: 10    Dex:  9    Spells: 0 memorised, 4 levels left

rFire  . . .     SeeInvis .     a - +0 war axe
rCold  . . .     Gourm    .     b - +0 scale mail
rNeg   . . .     Faith    .     c - +0 shield
rPois  .         Spirit   .     (helmet restricted)
rElec  .         Dismiss  .     (no cloak)
rCorr  .         Reflect  .     (no gloves)
SustAt .         Harm     .     (no boots)
MR     .....                    (no amulet)
Stlth  ..........               (no ring)
                                (no ring)

@: mighty, not resistant to hostile enchantments, extremely unstealthy
A: retaliatory headbutt, horns 2
a: no special abilities


You were on level 3 of the Dungeon.
You were not hungry.

You visited 1 branch of the dungeon, and saw 4 of its levels.

You collected 155 gold pieces.

Inventory:

Hand Weapons
 a - a +0 war axe (weapon)
 i - a +0 hunting sling
Missiles
 j - 147 stones (quivered)
Armour
 b - a +0 scale mail (worn)
 c - a +0 shield (worn)
 g - a +0 shield
 n - a cursed +0 pair of gloves
Jewellery
 q - an uncursed ring of resist corrosion {unknown}
Scrolls
 k - a scroll of enchant weapon {unknown}
 m - 2 scrolls of enchant armour {unknown}
 s - a scroll of remove curse {unknown}
 w - 2 scrolls of teleportation {unknown}
 y - a scroll of fog {unknown}
 z - a scroll of identify {unknown}
Potions
 e - a potion of heal wounds {unknown}
 l - a potion of cure mutation {unknown}
 o - a potion of brilliance {unknown}
 p - 2 potions of degeneration {unknown}
 r - 2 potions of curing {unknown}
 t - a potion of magic {unknown}
 u - a potion of lignification {unknown}
 v - a potion of cancellation {unknown}
 x - a potion of flight {unknown}
Comestibles
 f - 4 bread rations
 h - 12 chunks of flesh


   Skills:
 * Level 4.7 Fighting
 * Level 3.5 Axes
 * Level 5.2 Armour
 + Level 0.1 Stealth
 * Level 5.2 Shields


You had 4 spell levels left.
You didn't know any spells.

Dungeon Overview and Level Annotations

Branches:
Dungeon (4/15)
 Temple: D:4-7

Altars:
Xom
The Shining One

Annotations:
D:3 Grinder


Innate Abilities, Weirdness & Mutations

You reflexively headbutt those who attack you in melee.
You have a pair of horns on your head.


Message History

You feel very mighty all of a sudden.
You barely miss Grinder. You headbutt Grinder!
Grinder is moderately wounded.
Grinder closely misses you. You furiously retaliate!
You headbutt Grinder! Grinder hits you.
You writhe in agony.
You closely miss Grinder.
Grinder is severely wounded.
Grinder blinks!
Grinder blinks!
Grinder gestures at you. Pain shoots through your body!
You closely miss Grinder.
Grinder is severely wounded.
Grinder hits you.
You writhe in agony.
* * * LOW HITPOINT WARNING * * *
You slash Grinder!
Grinder is almost dead.
Grinder gestures at you. Pain shoots through your body!
You die...

.. ###'# #...#
#######...#
#^........# ..
#.#####...#....
#..............
#..#.#.5###..##
#..#.#.@#.# .#
#..###..#.#..##
#..............
#..#.#..###..##
#..#.#..# #
##.###%)###..#.
###
#...))........
#..
#.###..###..##
#.# #.. #..#.#
.# #.#


You could see Grinder.

Vanquished Creatures
  A howler monkey (D:4)
  An orc wizard (D:3)
  Jessica (D:2)
  Terence (D:2)
  Ijyb (D:2)
  3 adders (D:2)
  An ooze (D:1)
  A worm (D:2)
  2 dart slugs
  A giant gecko (D:3)
  3 orcs (D:3)
  3 ball pythons
  8 bats
  4 goblins
  5 hobgoblins
  4 giant newts
  6 kobolds
  2 rats (D:2)
48 creatures vanquished.

Vanquished Creatures (others)
  A hobgoblin (D:2)
1 creature vanquished.

Grand Total: 49 creatures vanquished

Notes
Turn   | Place    | Note
--------------------------------------------------------------
     0 | D:1      | magog001 the Minotaur Fighter began the quest for the Orb.
     0 | D:1      | Reached XP level 1. HP: 19/19 MP: 0/0
   235 | D:1      | Reached XP level 2. HP: 27/27 MP: 1/1
   372 | D:1      | Found a glowing golden altar of the Shining One.
   844 | D:2      | Reached XP level 3. HP: 32/33 MP: 2/2
  1089 | D:2      | Noticed Terence
  1095 | D:2      | Killed Terence
  1095 | D:2      | Reached XP level 4. HP: 32/40 MP: 3/3
  1122 | D:2      | Noticed Jessica
  1131 | D:2      | Killed Jessica
  1395 | D:2      | Noticed Ijyb
  1403 | D:2      | Killed Ijyb
  1403 | D:2      | Reached skill level 5 in Shields
  1638 | D:2      | Reached XP level 5. HP: 41/47 MP: 4/4
  1687 | D:3      | You fall through a shaft!
  2087 | D:3      | Found a shimmering altar of Xom.
  2155 | D:4      | Reached skill level 5 in Armour
  2284 | D:3      | Noticed Grinder
  2306 | D:3      | Killed from afar by Grinder

Skill      XL: |  1  2  3  4  5 |
---------------+----------------+-----
Fighting       | 4 |  4.7
Armour         | 4 5 |  5.2
Shields        | 4 5 |  5.2
Axes           | 3 |  3.5
Stealth        | |  0.1

Action                   |  1- 3 |  4- 6 || total
-------------------------+-------+-------++-------
Melee: War axe           |    74 |    50 ||   124
       Headbutt          |     9 |     8 ||    17
  Use: Potion            |       |     1 ||     1
  Eat: Chunk             |     1 |     2 ||     3
       Beef jerky        |       |     1 ||     1
Armor: Scale mail        |    36 |    29 ||    65
Dodge: Dodged            |    23 |    20 ||    43
Block: Shield            |    60 |    38 ||    98
